 Dungeon Crawl Stone Soup version 0.19-a0-75-g99403da (webtiles) character file.

1444 mrath the Magician (level 8, -3/61 HPs)
             Began as a Pale Draconian Earth Elementalist on May 12, 2016.
             Killed from afar by an orc wizard (11 damage)
             ... with a puff of frost
             ... on level 6 of the Dungeon.
             The game lasted 00:42:42 (7449 turns).

mrath the Magician (DrEE)                           Turns: 7449, Time: 00:42:43

Health: -3/61      AC:  7    Str: 10    XL:     8   Next: 46%
Magic:  3/17       EV: 13    Int: 21    God:
Gold:   304        SH:  0    Dex: 12    Spells: 3 memorised, 10 levels left

rFire  . . .     SeeInvis .     N - +0 morningstar
rCold  . . .     Gourm    +     (armour unavailable)
rNeg   . . .     Faith    .     (no shield)
rPois  +         Spirit   .     (helmet restricted)
rElec  .         Dismiss  .     (no cloak)
rCorr  .         Reflect  .     e - +0 pair of gloves {archery}
SustAt .         Harm     .     (no boots)
MR     .....                    P - amulet of the gourmand
Stlth  ++........               n - ring of poison resistance
                                I - +3 ring of intelligence

@: not resistant to hostile enchantments, unstealthy
A: breathe steam, unfitting armour, cold-blooded, AC +6
a: Breathe Steam


You were on level 6 of the Dungeon.
You were hungry.

You visited 2 branches of the dungeon, and saw 9 of its levels.

You collected 304 gold pieces.

Inventory:

Hand Weapons
 x - a +2 dagger of distortion
 N - a +0 morningstar (weapon)
 O - a +0 great sword
Missiles
 a - 45 stones
 c - 2 needles of confusion
 f - 45 poisoned needles
 y - 106 sling bullets
 D - 7 tomahawks (quivered)
Armour
 e - a +0 pair of gloves of archery (worn)
Magical Staves
 E - an uncursed staff of cold
 F - an uncursed staff of poison
Jewellery
 h - an uncursed ring of wizardry
 n - a ring of poison resistance (right hand)
 I - a +3 ring of intelligence (left hand)
 P - an amulet of the gourmand (around neck)
Wands
 s - a wand of confusion (19/48)
 G - a wand of slowing (26/48)
Scrolls
 k - 2 scrolls of remove curse
 o - a scroll of immolation {unknown}
 p - a scroll of teleportation {unknown}
 r - a scroll of recharging {unknown}
 t - 6 scrolls of identify {unknown}
 w - 2 scrolls of random uselessness {unknown}
 B - 2 scrolls of amnesia {unknown}
 C - a scroll of enchant armour {unknown}
Potions
 d - a potion of ambrosia
 g - a potion of mutation {unknown}
 i - a potion of heal wounds {unknown}
 m - a potion of magic {unknown}
 q - a potion of brilliance {unknown}
 v - 6 potions of curing {unknown}
 z - a potion of degeneration {unknown}
 A - a potion of haste {unknown}
 J - a potion of might {unknown}
 K - a potion of resistance {unknown}
 L - a potion of agility {unknown}
 M - 2 potions of invisibility {unknown}
Books
 b - a book of Geomancy

   Spells                             Type                      Level
   a - Sandblast                      Earth                        1
   b - Passwall                       Transmutation/Earth          2
   c - Stone Arrow                    Conjuration/Earth            3
   d - Petrify                        Transmutation/Earth          4
   e - Lee's Rapid Deconstruction     Earth                        5
Comestibles
 j - a slice of pizza
 l - 4 bread rations
 u - 5 fruits
 H - a meat ration


   Skills:
 + Level 2.1 Fighting
 + Level 2.1 Maces & Flails
 + Level 2.9 Dodging
 + Level 2.9 Stealth
 * Level 6.1 Spellcasting
 + Level 4.2 Conjurations
   Level 1.0 Transmutations
 + Level 5.4 Earth Magic
 + Level 2.1 Evocations


You had 10 spell levels left.
You knew the following spells:

 Your Spells              Type           Power        Failure   Level  Hunger
a - Sandblast             Erth           ####..       1%          1    None
b - Stone Arrow           Conj/Erth      ####..       4%          3    ##.....
c - Lee's Rapid Deconstr  Erth           ####......   34%         5    #####..


Dungeon Overview and Level Annotations

Branches:
Dungeon (8/15)             Temple (1/1) D:4
   Lair: D:8-11

Altars:
Ashenzari
Dithmenos
Elyvilon
Gozag
Kikubaaqudgha
Makhleb
Nemelex Xobeh
Okawaru
Pakellas
Qazlal
Ru
Trog
Xom
Yredelemnul
Zin
The Shining One

Annotations:
D:6 Menkaure, Sigmund


Innate Abilities, Weirdness & Mutations

You can breathe blasts of scalding, opaque steam.
Your pale cyan-grey scales are hard (AC +6).
Your body does not fit into most forms of armour.
You are cold-blooded and may be slowed by cold attacks.


Message History

A puff of flame appears from out of thin air!
The puff of flame hits you!
The orc priest casts a cantrip, but nothing happens.
Something hits you but does no damage.
You are feeling hungry.
The orc priest miscasts a cantrip.
The orc priest miscasts a cantrip.
Something hits you but does no damage.
You hear some strange, mumbled words.
A puff of flame appears from out of thin air!
The puff of flame hits you! Menkaure breathes soot at you.
Menkaure calls on the powers of darkness!
Your body is wracked with pain!
The orc priest convulses!
A puff of flame appears from out of thin air!
The puff of flame hits you!
* * * LOW HITPOINT WARNING * * *
A puff of frost appears from out of thin air!
The puff of frost hits you!
You die...

.#..##.# #....# #...........
.#..##.# #....# #......####.
<#..##.# #....# #......####.
##..##.# #....########[.......##.
....##.# #>...+......'....[......
##.###'###....####.###.........#.
.....................)..o......##
##.##..........................#
................@...{..........#
##.#....................####...#
#.#..................M.####...##
#.#.................(..........M
#.#...)..#....................##
#.#......#.............###....#
#.#......#.............# #....#
##.#......#.............# #....#
...#......#.............# #....#


You could see Menkaure.

Vanquished Creatures
  An orc warrior (D:6)
  A necrophage (D:8)
  2 ogres (D:8)
  A phantom (D:5)
  2 scorpions
  A howler monkey (D:5)
  2 crimson imps
  A giant frog zombie (D:8)
  A jelly (D:6)
  A centaur skeleton (D:4)
  2 orc priests
  3 hounds
  6 orc wizards
  Ijyb (D:3)
  3 iguanas
  5 worker ants
  A hound zombie (D:5)
  5 adders
  2 shadow imps
  An adder skeleton (D:4)
  A worm (D:5)
  2 dart slugs
  3 giant geckos
  14 orcs
  3 giant cockroaches
  9 goblins
  5 hobgoblins
  4 jackals
  2 quokkas
  A ball python skeleton (D:4)
  13 bats
  A giant gecko skeleton (D:4)
  A giant gecko zombie (D:6)
  4 giant newts
  A jackal skeleton (D:8)
  3 kobolds
  6 rats
115 creatures vanquished.

Notes
Turn   | Place    | Note
--------------------------------------------------------------
     0 | D:1      | mrath the Draconian Earth Elementalist began the quest for the Orb.
     0 | D:1      | Reached XP level 1. HP: 14/14 MP: 3/3
   463 | D:1      | Reached XP level 2. HP: 16/20 MP: 5/5
  1418 | D:2      | Reached skill level 3 in Spellcasting
  1551 | D:2      | Reached XP level 3. HP: 25/26 MP: 7/7
  1564 | D:2      | Learned a level 3 spell: Stone Arrow
  1632 | D:2      | Found a sacrificial altar of Ru.
  1634 | D:2      | Found an iron altar of Okawaru.
  1695 | D:2      | Found an opulent altar of Gozag.
  1701 | D:2      | Found an ancient bone altar of Kikubaaqudgha.
  2585 | D:3      | Reached XP level 4. HP: 33/33 MP: 4/9
  2588 | D:3      | Reached skill level 1 in Conjurations
  2826 | D:3      | Noticed Ijyb
  2841 | D:3      | Killed Ijyb
  3236 | D:3      | Reached skill level 4 in Spellcasting
  3236 | D:3      | Reached XP level 5. HP: 38/38 MP: 6/11
  3911 | D:4      | Reached XP level 6. HP: 37/45 MP: 7/12
  4400 | D:4      | Reached skill level 5 in Spellcasting
  4562 | D:4      | Found a staircase to the Ecumenical Temple.
  4571 | Temple   | Entered the Ecumenical Temple
  4910 | D:5      | Entered Level 5 of the Dungeon
  4981 | D:5      | Your scales start taking on a pale cyan-grey colour.
  4981 | D:5      | Reached XP level 7. HP: 38/50 MP: 5/15
  5362 | D:5      | Reached skill level 1 in Fighting
  6016 | D:5      | Reached skill level 1 in Maces & Flails
  6589 | D:6      | Reached skill level 5 in Earth Magic
  6662 | D:6      | Reached skill level 1 in Evocations
  6731 | D:6      | Learned a level 5 spell: Lee's Rapid Deconstruction
  6915 | D:6      | You fall through a shaft for 2 floors!
  6936 | D:8      | Reached XP level 8. HP: 60/60 MP: 6/16
  7208 | D:8      | Reached skill level 6 in Spellcasting
  7417 | D:6      | Noticed Menkaure
  7417 | D:6      | Noticed Sigmund
  7449 | D:6      | Killed from afar by an orc wizard

Vault maps used:
D:1:      dpeg_arrival_long_road
D:2:      minitemple, nicolae_overflow_hidden_temple
D:3:      uniq_iyjb
D:4:      lemuel_temple_firewalk
D:5:      first_bread
D:6:      hex_intersection, kennysheep_minor_cross, uniq_eustachio,
          uniq_menkaure, uniq_sigmund
D:7:      led_sif_pool, lemuel_crystal_altar, serial_shops, shop
D:8:      cheibrodos_worm_habitat, minmay_crystal_water
Temple:   circular_temple_12

Skill      XL: |  1  2  3  4  5  6  7  8 |
---------------+-------------------------+-----
Spellcasting   | 3 4 5 6 |  6.1
Conjurations   | 1 2 3 4 |  4.2
Earth Magic    | 4 5 |  5.4
Fighting       | 1 2 |  2.1
Dodging        | 2 |  2.9
Stealth        | 2 |  2.9
Maces & Flails | 1 2 |  2.1
Evocations     | 1 2 |  2.1
Transmutations | |  1.0

Action                   |  1- 3 |  4- 6 |  7- 9 || total
-------------------------+-------+-------+-------++-------
Melee: Dagger            |    68 |       |       ||    68
       Tailslap          |     3 |     4 |     8 ||    15
       Whip              |    34 |    38 |       ||    72
       Morningstar       |       |     9 |   106 ||   115
       Falchion          |       |     6 |       ||     6
Throw: Tomahawk          |    10 |     6 |    20 ||    36
 Cast: Sandblast         |    42 |    99 |    53 ||   194
       Stone Arrow       |       |       |    34 ||    34
  Use: Potion            |       |     1 |       ||     1
       Scroll            |       |     2 |       ||     2
  Eat: Chunk             |     6 |     6 |     8 ||    20
       Beef jerky        |       |       |     1 ||     1
Armor: Skin              |    56 |    42 |    56 ||   154
Dodge: Dodged            |    94 |    77 |   107 ||   278
